 Dungeon Crawl Stone Soup version 0.21.1-1-g345015f (webtiles) character file.

6134 Labyrinth the Firebug (level 10, 0/78 HPs)
             Began as a Black Draconian Fire Elementalist on July 25, 2018.
             Was a Follower of Qazlal.
             Slain by an eight-headed hydra (2 damage)
             ... on level 2 of the Lair of Beasts.
             The game lasted 00:58:54 (9127 turns).

Labyrinth the Firebug (DrFE)                        Turns: 9127, Time: 00:58:57

Health: 0/78       AC:  8    Str: 15    XL:     10   Next: 59%
Magic:  4/20       EV: 12    Int: 17    God:    Qazlal [*.....]
Gold:   368        SH: 12    Dex: 12    Spells: 4/22 levels left

rFire    . . .     SeeInvis .   D - +4 rapier (venom)
rCold    . . .     Gourm    .   R - +2 shield
rNeg     . . .     Faith    .   (armour unavailable)
rPois    .         Spirit   .   i - +1 hat
rElec    +         Reflect  .   (no cloak)
rCorr    .         Harm     .   (no gloves)
MR       .....                  (no boots)
Stlth    ++........             (no amulet)
HPRegen  0.23/turn              p - ring of wizardry
MPRegen  0.17/turn              J - +3 ring of strength

@: short of breath
A: breathe lightning, unfitting armour, electricity resistance, cold-blooded, AC
+7
a: Breathe Lightning, Renounce Religion


You were on level 2 of the Lair of Beasts.
You worshipped Qazlal.
Qazlal was aware of your devotion.
You were not hungry.

You visited 3 branches of the dungeon, and saw 11 of its levels.
You also visited: Sewer.

You collected 368 gold pieces.

Inventory:

Hand Weapons
 n - a +2 dagger of draining
 y - a +0 long sword
 C - a +0 shortbow
 D - a +4 rapier of venom (weapon)
 G - a +1 short sword of holy wrath
 I - a +0 arbalest
 M - a +0 trident
Missiles
 c - 15 poisoned needles
 g - 2 tomahawks
 m - 192 stones
 A - 2 throwing nets
 F - 7 javelins (quivered)
 K - 14 bolts
Armour
 i - a +1 hat (worn)
 R - a +2 shield (worn)
Jewellery
 e - an uncursed ring of flight
 p - a ring of wizardry (left hand)
 t - a +2 ring of strength
 J - a +3 ring of strength (right hand)
Wands
 h - a wand of disintegration (11)
 k - a wand of enslavement (17)
 z - a wand of iceblast (6)
 P - a wand of polymorph (16)
 Q - a wand of acid (10)
Scrolls
 f - 8 scrolls of remove curse
 o - a scroll of blinking {unknown}
 q - a scroll of fog
 r - 3 scrolls of magic mapping
 u - 5 scrolls of teleportation
 x - a scroll of noise {unknown}
 B - a scroll of fear {unknown}
 N - a scroll of amnesia
 O - a scroll of acquirement {unknown}
 T - a scroll of holy word {unknown}
Potions
 d - 2 potions of brilliance
 j - 3 potions of flight
 s - a potion of might {unknown}
 v - a potion of curing
 w - 2 potions of agility
 E - 2 potions of lignification
 H - a potion of ambrosia {unknown}
 L - a potion of invisibility {unknown}
 S - a potion of haste
Books
 a - a book of Flames

   Spells                             Type                      Level
   a - Flame Tongue                   Conjuration/Fire             1
   b - Throw Flame                    Conjuration/Fire             2
   c - Conjure Flame                  Conjuration/Fire             3
   d - Inner Flame                    Hexes/Fire                   3
   e - Sticky Flame                   Conjuration/Fire             4
   f - Fireball                       Conjuration/Fire             5
Comestibles
 b - 14 rations
 U - a chunk of flesh


   Skills:
 + Level 4.1 Fighting
 + Level 5.8 Short Blades
 + Level 2.1 Bows
 + Level 0.3 Crossbows
 + Level 1.1 Throwing
 + Level 5.0 Dodging
 + Level 4.2 Stealth
 + Level 2.6 Shields
 + Level 6.7 Spellcasting
 + Level 6.5 Conjurations
 + Level 7.4 Fire Magic
 + Level 1.1 Invocations
 + Level 1.8 Evocations


You had 4 spell levels left.
You knew the following spells:

 Your Spells              Type           Power        Failure   Level  Hunger
a - Flame Tongue          Conj/Fire      ####.        1%          1    None
b - Throw Flame           Conj/Fire      ####..       1%          2    None
c - Conjure Flame         Conj/Fire      ####....     4%          3    ##.....
d - Inner Flame           Hex/Fire       ###.....     16%         3    ##.....
e - Sticky Flame          Conj/Fire      ####....     13%         4    ####...
f - Fireball              Conj/Fire      ####......   34%         5    #####..


Dungeon Overview and Level Annotations

Branches:
Dungeon (8/15)             Temple (1/1) D:4            Lair (2/6) D:8
  Swamp: Lair:2-4    Shoals: Lair:2-4     Snake: Lair:2-4    Spider: Lair:2-4

Altars:
Ashenzari
Cheibriados
Dithmenos
Elyvilon
Fedhas
Gozag
Hepliaklqana
Kikubaaqudgha
Makhleb
Nemelex Xobeh
Okawaru
Qazlal
Ru
Sif Muna
Trog
Uskayaw
Vehumet
Wu Jian
Xom
Yredelemnul
Zin
The Shining One


Innate Abilities, Weirdness & Mutations

You can breathe wild blasts of lightning.
Your glossy black scales are hard. (AC +7)
You cannot fit into any form of body armour.
You are resistant to electric shocks. (rElec)
You are cold-blooded and may be slowed by cold attacks.


Message History

Okay, then.
You breathe a wild blast of lightning!
The orb of electricity explodes!
The orb of electricity engulfs the eight-headed hydra.
The eight-headed hydra is almost dead.
The orb of electricity engulfs you! You resist.
* * * LOW HITPOINT WARNING * * *
You feel somewhat more hungry.
You hear a croak.
You block the eight-headed hydra's attack.
The eight-headed hydra bites you but does no damage.
The eight-headed hydra bites you.
* * * LOW HITPOINT WARNING * * *
You block the eight-headed hydra's attack.
The eight-headed hydra bites you!
* * * LOW HITPOINT WARNING * * *
The eight-headed hydra bites you!
* * * LOW HITPOINT WARNING * * *
The eight-headed hydra bites you but does no damage.
The eight-headed hydra bites you.
You die...

####### ####
#..##.#####
####...##....#.##.#
.......†..........#
....##.........)..## #
#
##............###P##.#
##..........#........
#..D.....P...#..
#P#.@).....#.###
########.%....# ..
##....<## ...
##.......####.# #
#..............
#...#.........#
...........#.##
........#.#.######
.#..........<.....


You could see an eight-headed hydra.

Vanquished Creatures
  Harold (Lair:2)
  A black mamba (Lair:1)
  4 spiny frogs
  6 yaks (Lair:1)
  Eustachio (D:5)
  A basilisk (Lair:2)
  A hungry ghost (D:7)
  Edmund (D:5)
  3 porcupines (Lair:1)
  A sky beast (D:5)
  An ice beast (D:8)
  2 phantoms
  A black bear (D:8)
  3 ogres
  A centaur (D:5)
  A crocodile (Sewer)
  4 bullfrogs
  A gnoll sergeant (D:7)
  A scorpion (D:5)
  A crimson imp (D:5)
  A centaur zombie (D:6)
  2 orc priests
  7 jellies
  A hound (D:5)
  2 bullfrog skeletons (D:6)
  3 orc wizards
  An iguana (D:8)
  Natasha (twice) (D:3)
  5 worker ants
  14 gnolls
  11 adders
  A shadow imp (D:6)
  6 oozes
  An adder skeleton (D:4)
  4 worms
  7 leopard geckos
  18 orcs
  6 bats
  11 giant cockroaches
  9 goblins
  9 hobgoblins
  7 jackals
  4 quokkas
  A ball python (D:6)
  8 frilled lizards
  A goblin zombie (D:7)
  10 kobolds
  A quokka skeleton (D:8)
  A quokka zombie (D:7)
  10 rats
  A plant (Lair:2)
201 creatures vanquished.

Vanquished Creatures (others)
  A plant (Lair:2)
1 creature vanquished.

Grand Total: 202 creatures vanquished

Notes
Turn   | Place    | Note
-------+----------+-------------------------------------------
     0 | D:1      | Labyrinth the Draconian Fire Elementalist began the quest for the Orb.
     0 | D:1      | Reached XP level 1. HP: 14/14 MP: 3/3
   414 | D:1      | Reached XP level 2. HP: 15/20 MP: 3/5
   582 | D:1      | Learned a level 2 spell: Throw Flame
   830 | D:2      | Found a radiant altar of Vehumet.
   864 | D:2      | Reached XP level 3. HP: 11/26 MP: 0/6
   882 | D:2      | HP: 1/26 [poisoned by an adder]
  1217 | D:2      | Noticed a hand axe
  1217 | D:2      | Noticed a hand axe
  1219 | D:2      | Found a hide-covered altar of Uskayaw.
  1318 | D:2      | Reached skill level 1 in Fighting
  1362 | D:2      | Reached XP level 4. HP: 26/35 MP: 1/7
  1369 | D:2      | Learned a level 3 spell: Conjure Flame
  2106 | D:3      | Reached skill level 4 in Fire Magic
  2133 | D:3      | Reached XP level 5. HP: 17/40 MP: 1/8
  2322 | D:3      | HP: 2/40 [orc wizard/magic dart (11)]
  2330 | D:3      | Learned a level 3 spell: Inner Flame
  2716 | D:3      | Found a blossoming altar of Fedhas.
  2781 | D:3      | Noticed Natasha
  2796 | D:3      | Killed Natasha
  2796 | D:3      | Reached skill level 1 in Short Blades
  2868 | D:3      | Noticed Natasha
  2872 | D:3      | Killed Natasha
  2978 | D:4      | Reached XP level 6. HP: 47/47 MP: 8/10
  3127 | D:4      | Found a staircase to the Ecumenical Temple.
  3139 | Temple   | Entered the Ecumenical Temple
  3192 | Temple   | Became a worshipper of Qazlal Stormbringer
  3676 | D:5      | Entered Level 5 of the Dungeon
  3741 | D:5      | Your scales start taking on a glossy black colour.
  3741 | D:5      | Reached XP level 7. HP: 53/53 MP: 5/12
  3741 | D:5      | Gained mutation: You are resistant to electric shocks. (rElec) [Black Draconian growth]
  3748 | D:5      | Noticed Edmund
  3767 | D:5      | Killed Edmund
  3984 | D:5      | Reached * piety under Qazlal
  3984 | D:5      | Reached skill level 5 in Fire Magic
  4120 | D:5      | Reached XP level 8. HP: 46/61 MP: 0/14
  4380 | D:5      | Noticed Eustachio
  4417 | D:5      | Killed Eustachio
  4417 | D:5      | Reached skill level 1 in Bows
  4417 | D:5      | Reached skill level 1 in Throwing
  4657 | D:6      | Reached skill level 5 in Spellcasting
  4802 | D:6      | Found an ornate altar of the Wu Jian Council.
  5055 | D:6      | Found a glowing drain.
  5067 | D:6      | Reached ** piety under Qazlal
  5079 | Sewer    | Entered a sewer
  5179 | Sewer    | Learned a level 4 spell: Sticky Flame
  5529 | D:7      | Found a sand-covered staircase.
  5730 | D:7      | Reached skill level 6 in Fire Magic
  5730 | D:7      | Reached XP level 9. HP: 68/68 MP: 10/16
  6477 | D:8      | Found a staircase to the Lair.
  6564 | D:8      | Reached skill level 5 in Conjurations
  7260 | D:8      | Learned a level 5 spell: Fireball
  7591 | Lair:1   | Entered Level 1 of the Lair of Beasts
  7760 | Lair:1   | Noticed a black mamba
  7766 | Lair:1   | Killed a black mamba
  7816 | Lair:1   | Noticed a spiny frog
  7821 | Lair:1   | Noticed a spiny frog
  7825 | Lair:1   | Killed a spiny frog
  7825 | Lair:1   | Reached skill level 5 in Short Blades
  7831 | Lair:1   | Killed a spiny frog
  7831 | Lair:1   | Reached skill level 1 in Evocations
  8157 | Lair:1   | Reached skill level 1 in Shields
  8157 | Lair:1   | Reached XP level 10. HP: 72/77 MP: 6/19
  8167 | Lair:1   | Reached skill level 7 in Fire Magic
  8383 | Lair:1   | Noticed a spiny frog
  8401 | Lair:1   | Killed a spiny frog
  9072 | Lair:2   | Noticed Harold
  9074 | Lair:2   | Noticed a spiny frog
  9081 | Lair:2   | Killed a spiny frog
  9095 | Lair:2   | Killed Harold
  9095 | Lair:2   | Reached skill level 5 in Dodging
  9095 | Lair:2   | Reached skill level 1 in Invocations
  9121 | Lair:2   | Noticed an eight-headed hydra
  9127 | Lair:2   | HP: 2/78 [eight-headed hydra (8)]
  9127 | Lair:2   | Slain by an eight-headed hydra

Skill      XL: |  1  2  3  4  5  6  7  8  9 10 |
---------------+-------------------------------+-----
Dodging        | 2 3 4 5 |  5.0
Stealth        | 2 3 4 |  4.2
Fighting       | 1 2 3 4 |  4.1
Fire Magic     | 4 5 6 7 |  7.4
Conjurations   | 2 3 4 5 6 |  6.5
Short Blades   | 1 2 3 5 |  5.8
Spellcasting   | 3 4 5 6 |  6.7
Bows           | 2 |  2.1
Throwing       | 1 |  1.1
Evocations     | 1 |  1.8
Shields        | 1 2 |  2.6
Invocations    | 1 |  1.1
Crossbows      | |  0.3

Action                   |  1- 3 |  4- 6 |  7- 9 | 10-12 || total
-------------------------+-------+-------+-------+-------++-------
Melee: Unarmed           |    14 |       |       |       ||    14
       Club              |    10 |       |       |       ||    10
       Dagger            |    46 |   112 |    74 |       ||   232
       Short sword       |    17 |       |       |       ||    17
       Tailslap          |     3 |     5 |    27 |     5 ||    40
       Rapier            |       |       |   119 |    21 ||   140
 Fire: Shortbow          |       |       |    10 |       ||    10
       Arbalest          |       |       |     1 |       ||     1
Throw: Stone             |       |     5 |    16 |       ||    21
 Cast: Flame Tongue      |    50 |    45 |   109 |    22 ||   226
       Throw Flame       |     5 |    19 |    54 |    11 ||    89
       Conjure Flame     |       |     1 |     7 |     1 ||     9
Invok: Upheaval          |       |       |     1 |     5 ||     6
 Abil: Breathe Lightning |       |       |    11 |     3 ||    14
       Evoke Flight      |       |       |     2 |       ||     2
Evoke: Wand              |       |       |    10 |     6 ||    16
  Use: Scroll            |     4 |     6 |     4 |       ||    14
       Potion            |     1 |       |     5 |     5 ||    11
 Stab: Sleeping          |       |     2 |       |       ||     2
  Eat: Chunk             |     3 |     9 |     5 |       ||    17
       Ration            |       |       |     4 |     1 ||     5
Armor: Skin              |    48 |    22 |    52 |     3 ||   125
Dodge: Dodged            |    69 |    58 |   141 |    11 ||   279
Block: Other             |       |       |    10 |       ||    10
       Shield            |       |       |    11 |    29 ||    40
